 Dungeon Crawl Stone Soup version 0.19.1 (webtiles) character file.

678 esteth the Digger (level 7, -1/36 HPs)
             Began as a Gargoyle Earth Elementalist on Dec 18, 2016.
             Was an Initiate of Vehumet.
             Killed from afar by an orc wizard (5 damage)
             ... with a magic dart
             ... on level 4 of the Dungeon.
             The game lasted 00:20:47 (4542 turns).

esteth the Digger (Gargoyle Earth Elementalist)     Turns: 4542, Time: 00:20:48

Health: -1/36      AC:  8    Str: 12    XL:     7   Next: 60%
Magic:  1/14       EV: 12    Int: 17    God:    Vehumet [......]
Gold:   205        SH:  0    Dex: 10    Spells: 2 memorised, 11 levels left

rFire  . . .     SeeInvis .     b - 65 stones
rCold  + . .     Gourm    .     c - +1 robe
rNeg   + . .     Faith    .     (no shield)
rPois  ∞         Spirit   .     (no helmet)
rElec  +         Reflect  .     p - +0 cloak
rCorr  .         Harm     .     (no gloves)
MR     .....                    (no boots)
Stlth  +++.......               (no amulet)
                                i - ring of protection from cold
                                m - ring of stealth

@: no status effects
A: negative energy resistance 1, electricity resistance, unbreathing,
petrification resistance, rot immunity, AC +4
a: Renounce Religion


You were on level 4 of the Dungeon.
You worshipped Vehumet.
Vehumet was noncommittal.
You were not hungry.

You visited 1 branch of the dungeon, and saw 5 of its levels.

You collected 205 gold pieces.

Inventory:

Missiles
 b - 65 stones (in hand)
Armour
 c - a +1 robe (worn)
 p - a +0 cloak (worn)
 v - the +1 buckler of the Abyss {*Drain rF+ rN+ MR+, unknown}
   (You found it on level 4 of the Dungeon)

   It protects you from fire.
   It protects you from negative energy.
   It affects your resistance to hostile enchantments.
   It causes draining when unequipped.
Jewellery
 i - a ring of protection from cold (right hand)
 m - a ring of stealth (left hand)
Scrolls
 k - 2 scrolls of teleportation
 t - 3 scrolls of remove curse
 u - 3 scrolls of recharging
 y - 2 scrolls of identify
Potions
 a - a potion of berserk rage
 g - 3 potions of brilliance {unknown}
 h - a potion of flight {unknown}
 j - a potion of lignification {unknown}
 l - 2 potions of mutation {unknown}
 o - a potion of resistance {unknown}
 q - 2 potions of invisibility {unknown}
 x - a potion of agility {unknown}
 z - 2 potions of heal wounds {unknown}
 A - 2 potions of magic {unknown}
 C - 2 potions of curing {unknown}
Books
 e - a book of Geomancy

   Spells                             Type                      Level
   a - Sandblast                      Earth                        1
   b - Passwall                       Transmutation/Earth          2
   c - Stone Arrow                    Conjuration/Earth            3
   d - Petrify                        Transmutation/Earth          4
   e - Lee's Rapid Deconstruction     Earth                        5
 n - a book of Misfortune

   Spells                             Type                      Level
   a - Confusing Touch                Hexes                        1
   b - Confuse                        Hexes                        3
   c - Gell's Gravitas                Hexes/Translocation          3
   d - Petrify                        Transmutation/Earth          4
   e - Metabolic Englaciation         Hexes/Ice                    5
   f - Yara's Violent Unravelling     Hexes/Transmutation          5
Comestibles
 d - 2 bread rations
 f - 2 meat rations
 r - a slice of pizza
 s - a royal jelly
 w - a beef jerky


   Skills:
 - Level 1.7 Dodging
 - Level 2.4 Stealth
 + Level 4.7 Spellcasting
 + Level 4.7 Conjurations
   Level 0.7 Transmutations
 + Level 6.3 Earth Magic


You had 11 spell levels left.
You knew the following spells:

 Your Spells              Type           Power        Failure   Level  Hunger
a - Sandblast             Erth           ####..       1%          1    None
b - Stone Arrow           Conj/Erth      ###...       6%          3    ###....


Dungeon Overview and Level Annotations

Branches:
Dungeon (5/15)
 Temple: D:4-7

Altars:
Hepliaklqana
Makhleb
Okawaru
Vehumet
Xom

Annotations:
D:5 exclusion: statue


Innate Abilities, Weirdness & Mutations

You are resistant to torment.
Your stone body is resilient. (AC +4)
You are immune to poison.
You resist negative energy. (rN+)
You are resistant to electric shocks. (rElec)
You can survive without breathing.
You are immune to petrification.
You are immune to rotting.


Message History

Confirm with . or Enter, or press ? or * to list all spells.
Aiming: Stone Arrow
Press: ? - help, Shift-Dir - straight line Something hits you but does no damage.
Casting: Stone Arrow
Confirm with . or Enter, or press ? or * to list all spells.
You don't have enough magic to cast that spell.
You closely miss something. Something hits you.
* * * LOW HITPOINT WARNING * * *
Casting: Stone Arrow
Confirm with . or Enter, or press ? or * to list all spells.
Aiming: Sandblast
Press: ? - help, Shift-Dir - straight line Something hits you but does no damage.
Okay, then.
None of your equipped items are cursed. Something hits you but does no damage.
A magic dart appears from out of thin air!
The magic dart hits you!
You die...

#.....#............
#.....+............
#.....########.....
#............######
#............#.....
#............#.....
#............#.....
#............#..(..
#.@..........'.....
#............#.....
#............#.....
#............######
########...........
#...........
#...........
#...........
#...........


There were no monsters in sight!

Vanquished Creatures
  The ghost of TheWoodenMan the Insei, a novice OpTm (D:4)
  A water moccasin skeleton (D:4)
  2 orc priests (D:3)
  A jelly (D:5)
  An iguana (D:5)
  An orc wizard (D:4)
  2 worker ants
  Natasha (thrice) (D:3)
  4 adders
  A shadow imp (D:5)
  2 worms
  2 dart slugs
  A leopard gecko (D:3)
  10 orcs
  A ball python (D:1)
  2 giant cockroaches
  A goblin (D:1)
  8 hobgoblins
  6 jackals (D:1)
  5 kobolds
  A quokka (D:2)
  4 bats
  5 frilled lizards
  10 rats
75 creatures vanquished.

Notes
Turn   | Place    | Note
-------+----------+-------------------------------------------
     0 | D:1      | esteth the Gargoyle Earth Elementalist began the quest for the Orb.
     0 | D:1      | Reached XP level 1. HP: 10/10 MP: 3/3
   152 | D:1      | Reached XP level 2. HP: 3/15 MP: 0/5
   775 | D:1      | Reached XP level 3. HP: 9/19 MP: 1/7
  1355 | D:2      | Learned a level 3 spell: Stone Arrow
  1400 | D:2      | Reached skill level 4 in Earth Magic
  1746 | D:2      | Reached skill level 1 in Conjurations
  2145 | D:3      | Found a hazy altar of Hepliaklqana.
  2189 | D:3      | Reached XP level 4. HP: 24/24 MP: 6/8
  2320 | D:3      | Reached XP level 5. HP: 24/28 MP: 4/9
  2693 | D:3      | Noticed Natasha
  2727 | D:3      | Killed Natasha
  2814 | D:3      | Noticed Natasha
  2821 | D:3      | Killed Natasha
  2923 | D:3      | Noticed Natasha
  2929 | D:3      | Killed Natasha
  2929 | D:3      | Reached skill level 5 in Earth Magic
  3264 | D:4      | Reached XP level 6. HP: 32/32 MP: 8/11
  3307 | D:4      | Noticed TheWoodenMan's ghost (novice OpTm)
  3367 | D:4      | Killed TheWoodenMan's ghost
  3367 | D:4      | Reached XP level 7. HP: 27/36 MP: 5/13
  3499 | D:4      | Found an iron altar of Okawaru.
  3601 | D:4      | Reached skill level 6 in Earth Magic
  4038 | D:4      | Found a burning altar of Makhleb.
  4059 | D:4      | Got a dazzling buckler
  4080 | D:5      | Entered Level 5 of the Dungeon
  4141 | D:5      | Found a shimmering altar of Xom.
  4194 | D:5      | Found a radiant altar of Vehumet.
  4249 | D:5      | Became a worshipper of Vehumet
  4542 | D:4      | Killed from afar by an orc wizard

Skill      XL: |  1  2  3  4  5  6  7 |
---------------+----------------------+-----
Earth Magic    | 4 5 6 |  6.3
Conjurations   | 1 2 3 4 |  4.7
Spellcasting   | 3 4 |  4.7
Dodging        | |  1.7
Stealth        | |  2.4
Transmutations | |  0.7

Action                   |  1- 3 |  4- 6 |  7- 9 || total
-------------------------+-------+-------+-------++-------
Melee: Unarmed           |    16 |       |       ||    16
 Cast: Sandblast         |    68 |    51 |    48 ||   167
       Stone Arrow       |       |       |     6 ||     6
  Use: Scroll            |     8 |       |     2 ||    10
  Eat: Bread ration      |     1 |       |     1 ||     2
       Chunk             |       |     3 |     2 ||     5
Armor: Robe              |    17 |    10 |    22 ||    49
Dodge: Dodged            |    38 |    13 |    19 ||    70
